 Dungeon Crawl Stone Soup version 0.21.1-1-g345015f (webtiles) character file.

296 Monsterracer the Firebug (level 6, -2/32 HPs)
             Began as an Octopode Fire Elementalist on Apr 26, 2018.
             Slain by an ice beast (12 damage)
             ... on level 3 of the Dungeon on Apr 28, 2018.
             The game lasted 00:05:31 (4431 turns).

Monsterracer the Firebug (OpFE)                     Turns: 4431, Time: 00:05:32

Health: -2/32      AC:  1    Str:  8    XL:     6   Next: 35%
Magic:  1/10       EV: 13    Int: 19    God:    Xom [*.....]
Gold:   94         SH:  0    Dex: 12    Spells: 3/11 levels left

rFire    . . .     SeeInvis +   q - staff of earth (curse)
rCold    . . .     Gourm    .   (no shield)
rNeg     . . .     Faith    .   (helmet restricted)
rPois    .         Spirit   .   (no amulet)
rElec    .         Reflect  .   b - ring of see invisible
rCorr    .         Harm     .   s - ring of stealth
MR       .....                  (no ring)
Stlth    ++++......             (no ring)
HPRegen  0.10/turn              (no ring)
MPRegen  0.12/turn              (no ring)
                                (no ring)
                                (no ring)

@: very slightly contaminated
A: almost no armour, stealthy swim, amphibious, 8 rings, constrict 8, camouflage
1, blurry vision 1, deterioration 1, frail 1, gelatinous body 1
a: Renounce Religion


You were on level 3 of the Dungeon.
You worshipped Xom.
You were a special plaything of Xom.
You were very hungry.

You visited 1 branch of the dungeon, and saw 4 of its levels.

You collected 94 gold pieces.

Inventory:

Hand Weapons
 h - a +0 dagger
 t - a +0 trident
Armour
 v - a +0 shield
Magical Staves
 q - a cursed staff of earth (weapon)
Jewellery
 b - a ring of see invisible (left tentacle)
 s - a ring of stealth (right tentacle)
Scrolls
 d - 3 scrolls of remove curse {unknown}
 e - a scroll of random uselessness {unknown}
 i - a scroll of blinking {unknown}
 j - a scroll of magic mapping {unknown}
 k - a scroll of immolation {unknown}
 m - 3 scrolls of teleportation {unknown}
 n - a scroll of enchant armour {unknown}
 u - a scroll of fear {unknown}
Potions
 f - a potion of flight
 g - 2 potions of ambrosia {!q}
 o - a potion of curing
 p - a potion of heal wounds {unknown}
 r - 3 potions of haste
Books
 a - a book of Flames

   Spells                             Type                      Level
   a - Flame Tongue                   Conjuration/Fire             1
   b - Throw Flame                    Conjuration/Fire             2
   c - Conjure Flame                  Conjuration/Fire             3
   d - Inner Flame                    Hexes/Fire                   3
   e - Sticky Flame                   Conjuration/Fire             4
   f - Fireball                       Conjuration/Fire             5
Comestibles
 c - 10 rations


   Skills:
 - Level 2.0 Dodging
 - Level 2.6 Stealth
 + Level 3.2 Spellcasting
 * Level 3.9 Conjurations
 * Level 4.8 Fire Magic


You had 3 spell levels left.
You knew the following spells:

 Your Spells              Type           Power        Failure   Level  Hunger
a - Flame Tongue          Conj/Fire      ###..        2%          1    None
b - Conjure Flame         Conj/Fire      ###.....     8%          3    ###....
c - Sticky Flame          Conj/Fire      ###.....     24%         4    ####...


Dungeon Overview and Level Annotations

Branches:
Dungeon (4/15)
 Temple: D:4-7

Altars:
Ashenzari
Kikubaaqudgha
Makhleb
Ru
Sif Muna
Xom
Zin
The Shining One


Innate Abilities, Weirdness & Mutations

You cannot wear most types of armour.
You are very stealthy in the water. (Stealth+)
You are amphibious.
You can wear up to eight rings at the same time.
You can use your tentacles to constrict eight enemies at once.
Your skin changes colour to match your surroundings (Stealth+).
Your rubbery body absorbs attacks. (AC +1, EV +1)
Scrolls take you a little longer to read.
Your body sometimes deteriorates upon taking damage.
You are frail. (-10% HP)


Message History

It is a scroll of identify.
g - 2 potions of ambrosia You begin reading the scroll.
You continue reading the scroll.
As you read the scroll of identify, it crumbles to dust.
r - 3 potions of haste You begin reading the scroll.
You continue reading the scroll.
As you read the scroll of identify, it crumbles to dust.
f - a potion of flight You begin reading the scroll.
You continue reading the scroll.
As you read the scroll of identify, it crumbles to dust.
o - a potion of curing
(D) Dungeon
Where to? (Enter - D:3 @ (x,y), ? - help)
What level of the Dungeon? (default 1, ? - help)
There is a stone staircase leading down here.
You climb downwards.
There is a stone staircase leading up here.
You are feeling very hungry.
(D) Dungeon
Where to? (Enter - D:4, ? - help)
There is an open door here.
There is an open door here.
There is an open door here.
There is an open door here.
There is a stone staircase leading down here.
You climb downwards.
You hear the sound of rushing water.
There is an entrance to a sewer on this level.
Hurry and find it before the portal rusts away!
An ice beast and a zombie come into view.
Found 6 gold pieces and a mace.
There is a stone staircase leading up here.
Casting: Flame Tongue
Confirm with . or Enter, or press ? or * to list all spells.
Aiming: Conjure Flame
Press: ? - help, Dir - move target cursor The fire ignites!
You now have 7/10 mp.
Casting: Conjure Flame
Confirm with . or Enter, or press ? or * to list all spells.
Aiming: Flame Tongue
Press: ? - help, Shift-Dir - straight line, f - wyvern zombie
Aim: a wyvern zombie (flame)
The flame tongue hits the wyvern zombie.
The wyvern zombie is lightly damaged.
The wyvern zombie is engulfed in blazing flames.
The wyvern zombie bites you but does no damage.
You now have 6/10 mp.
Casting: Flame Tongue
Confirm with . or Enter, or press ? or * to list all spells.
Aiming: Flame Tongue
Press: ? - help, Shift-Dir - straight line, f/p - wyvern zombie
Aim: a wyvern zombie (flame, moderately damaged)
You miscast Flame Tongue.
You are very lightly contaminated with residual magic.
Nothing appears to happen.
The wyvern zombie is engulfed in blazing flames.
The wyvern zombie barely misses you. The ice beast misses you.
You now have 5/10 mp.
Casting: Flame Tongue
Confirm with . or Enter, or press ? or * to list all spells.
Aiming: Flame Tongue
Press: ? - help, Shift-Dir - straight line, f/p - wyvern zombie
Aim: a wyvern zombie (flame, severely damaged)
The flame tongue hits the wyvern zombie.
The wyvern zombie is severely damaged.
The wyvern zombie is engulfed in blazing flames.
The wyvern zombie bites you. The ice beast closely misses you.
The wyvern zombie is engulfed in blazing flames.
You destroy the wyvern zombie!
You take 3 damage, and have 29/32 hp.
You now have 4/10 mp.
The ice beast hits you. The ice beast freezes you!
* * * LOW HITPOINT WARNING * * *
You climb upwards.
There is a stone staircase leading down here.
You take 16 damage, and have 13/32 hp.
MASSIVE DAMAGE!!
Unknown command.
Unknown command.
Unknown command.
Unknown command.
Casting: Flame Tongue
Confirm with . or Enter, or press ? or * to list all spells.
Okay, then.
Casting: Flame Tongue
Confirm with . or Enter, or press ? or * to list all spells.
Aiming: Sticky Flame
Press: ? - help, Shift-Dir - straight line, f - ice beast
Aim: an ice beast You miscast Sticky Flame.
The air around you burns with energy! The ice beast barely misses you.
You now have 0/10 mp.
You hit the ice beast.
The ice beast is lightly wounded.
The ice beast barely misses you.
You barely miss the ice beast.
The ice beast is lightly wounded.
The ice beast hits you.
* * * LOW HITPOINT WARNING * * *
The ice beast freezes you!
You die...
Xom giggles madly!

# #..........#
#####..........#
'...###'########
###.###.######### #
#.#...........# #
#.###########.# #
#........#<...#
##########.#######
+..............Y@#
##########.#.##### #
#.#.# #.#.############
#########.#............#
#.........#.##########.#
#....######### #.#
#............# #.#
#....#######.# #.#


You could see an ice beast.

Vanquished Creatures
  The ghost of inc the Conjurer, an amateur OpWz (D:3)
  A bullfrog (D:2)
  A wyvern zombie (D:4)
  Jessica (D:3)
  An ooze (D:2)
  3 worms
  3 leopard geckos
  A ball python (D:1)
  11 bats
  6 giant cockroaches
  9 goblins
  7 hobgoblins
  2 jackals (D:1)
  6 kobolds
  3 frilled lizards
  11 rats
67 creatures vanquished.

Notes
Turn   | Place    | Note
-------+----------+-------------------------------------------
     0 | D:1      | Monsterracer the Octopode Fire Elementalist began the quest for the Orb.
     0 | D:1      | Reached XP level 1. HP: 11/11 MP: 3/3
   128 | D:1      | HP: 4/11 [leopard gecko (4)]
   464 | D:1      | Reached XP level 2. HP: 17/17 MP: 1/5
   973 | D:1      | Reached XP level 3. HP: 21/21 MP: 4/6
  1094 | D:1      | Learned a level 3 spell: Conjure Flame
  1506 | D:1      | HP: 7/21 [worm (8)]
  1954 | D:2      | Found an ancient bone altar of Kikubaaqudgha.
  2135 | D:2      | Found a deep blue altar of Sif Muna.
  2193 | D:2      | Found a burning altar of Makhleb.
  2194 | D:2      | Noticed a bullfrog
  2198 | D:2      | HP: 9/21 [bullfrog (5)]
  2200 | D:2      | HP: 2/21 [bullfrog (8)]
  2201 | D:2      | Killed a bullfrog
  2201 | D:2      | Reached skill level 4 in Fire Magic
  2201 | D:2      | Reached XP level 4. HP: 2/27 MP: 1/8
  2207 | D:2      | Learned a level 4 spell: Sticky Flame
  2258 | D:2      | Reached XP level 5. HP: 8/31 MP: 6/9
  2860 | D:3      | Found a glowing silver altar of Zin.
  3478 | D:3      | Noticed inc's ghost (amateur OpWz)
  3486 | D:3      | Killed inc's ghost
  3639 | D:3      | Found a shimmering altar of Xom.
  3642 | D:3      | Found a sacrificial altar of Ru.
  3645 | D:3      | Found a glowing golden altar of the Shining One.
  3653 | D:3      | Became a worshipper of Xom of Chaos
  3749 | D:3      | Noticed Jessica
  3754 | D:3      | Killed Jessica
  3754 | D:3      | Reached XP level 6. HP: 36/36 MP: 8/10
  3882 | D:3      | XOM: 2-stop teleportation journey
  4128 | D:3      | XOM: give mutations
  4128 | D:3      | Gained mutation: You are frail. (-10% HP) [Xom's mischief]
  4128 | D:3      | Gained mutation: Scrolls take you a little longer to read. [Xom's mischief]
  4128 | D:3      | Gained mutation: Your body sometimes deteriorates upon taking damage. [Xom's mischief]
  4259 | D:2      | Found a shattered altar of Ashenzari.
  4422 | D:4      | Noticed an ice beast
  4427 | D:4      | HP: 13/32 [ice beast (12)]
  4431 | D:3      | Slain by an ice beast

Skill      XL: |  1  2  3  4  5 |
---------------+----------------+-----
Conjurations   | 2 3 |  3.9
Fire Magic     | 4 |  4.8
Spellcasting   | 3 |  3.2
Dodging        | |  2.0
Stealth        | |  2.6

Action                   |  1- 3 |  4- 6 || total
-------------------------+-------+-------++-------
Melee: Unarmed           |     4 |       ||     4
       Constrict         |     2 |       ||     2
       Tentacles         |     2 |       ||     2
       Dagger            |     2 |     1 ||     3
       Staff             |       |     2 ||     2
 Cast: Flame Tongue      |    69 |    45 ||   114
       Conjure Flame     |       |     1 ||     1
  Use: Scroll            |       |     4 ||     4
  Eat: Chunk             |     4 |     6 ||    10
Armor: Skin              |     7 |     2 ||     9
Dodge: Dodged            |    27 |    10 ||    37

Vault maps used:
D:1:      sevenhm_arrival_forest_fort_small_3, serial_bayou,
          serial_bayou_pond_d, serial_bayou_pond_d, serial_bayou_shore_b,
          serial_bayou_pond_b, dk_noncrumbling_3
D:2:      minmay_wonky_spiral, marbit_many_paths, overflow_temple_1_default,
          nicolae_overflow_hidden_temple, minmay_misc_feat_four_crosses,
          bloody_makhleb
D:3:      old_standard_altar, grunt_temple_overflow_diamond, grunt_decor_cap,
          uniq_jessica
D:4:      gup_sewer_entry_bowl, serial_shops, shop_statue, st_stairs_8,
          kennysheep_generic_room_8
